 Dungeon Crawl Stone Soup version 0.22.1-2-g9c5b331383 (webtiles) character file.

12006 Elric the Grappler (level 11, -2/115 HPs)
             Began as a Troll Monk on Nov 16, 2018.
             Was a Follower of Ru.
             Slain by a blink frog (11 damage)
             ... on level 1 of the Lair of Beasts.
             The game lasted 00:14:58 (7726 turns).

Elric the Grappler (Troll Monk)                     Turns: 7726, Time: 00:14:58

Health: -2/115     AC:  8    Str: 29    XL:     11   Next: 56%
Magic:  10/10      EV: 10    Int:  6    God:    Ru [*.....]
Gold:   564        SH:  0    Dex: 12    Spells: 10/10 levels left

rFire    . . .     SeeInvis .     - Unarmed
rCold    + . .     Gourm    +   (no shield)
rNeg     . . .     Faith    .   a - +1 robe
rPois    .         Spirit   .   (helmet restricted)
rElec    .         Reflect  .   n - +1 cloak
rCorr    .         Harm     .   (gloves unavailable)
MR       .....                  (boots unavailable)
Stlth    ++........             (no amulet)
HPRegen  0.69/turn              h - ring of protection from cold
MPRegen  0.12/turn              q - +5 ring of strength

@: lethally poisoned (-2 -> -28)
A: large, unfitting armour, claws 3, fast metabolism 3, gourmand, regeneration
1, shaggy fur 1, tough skin 2, no air magic, no necromancy magic, no
translocations magic
a: Renounce Religion


You were on level 1 of the Lair of Beasts.
You worshipped Ru.
Ru was aware of your devotion.
You were full.

You visited 2 branches of the dungeon, and saw 11 of its levels.

You collected 564 gold pieces.

Inventory:

Armour
 a - a +1 robe (worn)
 n - a +1 cloak (worn)
Jewellery
 c - an uncursed ring of resist corrosion
 f - an uncursed ring of ice {unknown}
 h - a ring of protection from cold (left claw)
 j - an uncursed ring of flight
 k - a cursed ring of attention
 p - an uncursed ring of wizardry
 q - a +5 ring of strength (right claw)
 z - an uncursed amulet of harm {unknown}
Wands
 t - a wand of digging (10)
 A - a wand of random effects (17)
 C - a wand of flame (34)
 D - a wand of paralysis (10)
Scrolls
 l - 5 scrolls of remove curse
 r - a scroll of amnesia
 s - 3 scrolls of teleportation
 u - a scroll of holy word
 w - 2 scrolls of identify
 y - 2 scrolls of fog {unknown}
 E - a scroll of vulnerability {unknown}
Potions
 d - 2 potions of brilliance {unknown}
 e - a potion of haste
 g - 3 potions of curing {unknown}
 i - 2 potions of mutation {unknown}
 m - 2 potions of might {unknown}
 o - 2 potions of lignification {unknown}
 v - 2 potions of invisibility {unknown}
 x - a potion of flight {unknown}
 B - a potion of ambrosia {unknown}
 F - 2 potions of heal wounds
Comestibles
 b - 13 rations


   Skills:
 + Level 9.4 Fighting
 - Level 2.4 Dodging
 - Level 1.0 Stealth
 * Level 14.7 Unarmed Combat


You had 10 spell levels left.
You didn't know any spells.
Your spell library contained the following spells:

 Spells                   Type           Power        Failure   Level  Hunger
 Confusing Touch          Hex            #.....       45%         1    ##.....
 Corona                   Hex            #......      45%         1    ##.....
 Summon Small Mammal      Summ           #...         45%         1    ##.....
 Call Imp                 Summ           #.......     58%         2    ###....
 Ensorcelled Hibernation  Hex/Ice        #.....       58%         2    ###....
 Call Canine Familiar     Summ           #.......     83%         3    ####...
 Confuse                  Hex            #.......     83%         3    ####...
 Dazzling Spray           Conj/Hex       #.....       83%         3    ####...
 Summon Guardian Golem    Hex/Summ       #.......     83%         3    ####...
 Tukima's Dance           Hex            #.......     83%         3    ####...
 Summon Ice Beast         Ice/Summ       #.......     99%         4    #####..
 Animate Skeleton         Necr           Unusable     N/A         1    N/A
 Apportation              Tloc           Unusable     N/A         1    N/A
 Pain                     Necr           Unusable     N/A         1    N/A
 Regeneration             Chrm/Necr      Unusable     N/A         3    N/A
 Vampiric Draining        Necr           Unusable     N/A         3    N/A
 Animate Dead             Necr           Unusable     N/A         4    N/A
 Summon Lightning Spire   Summ/Air       Unusable     N/A         4    N/A

Dungeon Overview and Level Annotations

Branches:
Dungeon (10/15)            Temple (0/1) D:6            Lair (1/6) D:10
    Orc: D:9-12

Altars:
Cheibriados
Fedhas
Ru
Zin


Innate Abilities, Weirdness & Mutations

You are too large for most types of armour.
You have claws for hands.
Your metabolism is lightning-fast.
You like to eat raw meat.
Your natural rate of healing is unusually fast.
You are covered in fur. (AC +1)
You have very tough skin. (AC +2)
You cannot study or cast Air magic.
You cannot study or cast Necromancy magic.
You cannot study or cast Translocations magic.


Message History

You miss the black mamba.
You claw the black mamba, but do no damage.
You feel sick. The black mamba bites you!
You claw the black mamba!
The black mamba is moderately wounded.
You feel sick. The black mamba closely misses you.
You claw the black mamba!
The black mamba is severely wounded.
You feel sick. The black mamba bites you. The blink frog hits you!
The black mamba bites you!
* * * LOW HITPOINT WARNING * * *
You are too injured to fight recklessly!
You are too injured to fight recklessly!
Unknown command.
You feel sick.
You feel sick. The black mamba bites you!
* * * LOW HITPOINT WARNING * * *
You are more poisoned.
The black mamba poisons you! The blink frog hits you!
You die...

..# ###÷## ..#
##...P# ### #..#
###.††.## #.##..#
##.....#####
#.....###..#.##.##.#
#...# #..#####.....
#...# #<.# #......
##FS# #..# ##...##
#.@## ##.### #...#
#P..## ##..###..##
##...# ##......##
#...## #P>.....##
###..#####.......#
##..#.##........
##..##....###.#
##....[.P# ###
##.....##


You could see a black mamba and a blink frog.

Vanquished Creatures
  Harold (D:7)
  Erica (D:8)
  3 two-headed ogres
  Pikel (D:5)
  A spiny frog (Lair:1)
  A komodo dragon (Lair:1)
  3 hippogriffs
  Sigmund (D:5)
  4 wyverns
  A wraith (D:10)
  4 yaks (D:9)
  4 hogs (D:7)
  A human (D:7)
  Menkaure (D:4)
  A soldier ant (D:10)
  2 water moccasins
  Duvessa (D:7)
  A porcupine (Lair:1)
  An ice beast (D:10)
  An orc warrior (D:8)
  4 sky beasts
  2 slaves (D:5)
  An eye of draining (D:9)
  6 ogres
  2 black bears
  2 phantoms
  A crocodile (Lair:1)
  4 centaurs
  3 big kobolds
  4 bullfrogs
  Dowan (D:7)
  2 scorpions
  8 killer bees (D:9)
  A water moccasin skeleton (D:6)
  3 howler monkeys
  3 crimson imps
  A centaur zombie (D:8)
  3 quasits
  A bullfrog zombie (D:7)
  2 hounds
  Crazy Yiuf (D:3)
  2 centaur skeletons
  5 orc priests
  2 bullfrog skeletons
  4 orc wizards
  Natasha (thrice) (D:3)
  6 iguanas
  8 worker ants
  A hound zombie (D:5)
  A hound skeleton (D:9)
  3 worker ant zombies
  Robin (D:3)
  4 gnolls (D:2)
  A howler monkey skeleton (D:6)
  9 adders
  A shadow imp (D:8)
  2 adder skeletons
  2 worms
  A dart slug (D:1)
  3 leopard geckos
  28 orcs
  2 giant cockroaches (D:2)
  8 hobgoblins
  6 jackals
  14 kobolds
  7 quokkas
  7 bats
  2 frilled lizards (D:1)
  13 goblins
  2 leopard gecko skeletons
  2 quokka skeletons
  A quokka zombie (D:6)
  7 rats
247 creatures vanquished.

Notes
Turn   | Place    | Note
-------+----------+-------------------------------------------
     0 | D:1      | Elric the Troll Monk began the quest for the Orb.
     0 | D:1      | Reached XP level 1. HP: 22/22 MP: 0/0
   335 | D:1      | Reached XP level 2. HP: 24/29 MP: 1/1
   924 | D:2      | Reached XP level 3. HP: 36/36 MP: 2/2
  1347 | D:2      | Reached skill level 4 in Unarmed Combat
  1388 | D:2      | Reached XP level 4. HP: 44/45 MP: 3/3
  1835 | D:3      | Noticed Natasha
  1858 | D:3      | Killed Natasha
  1858 | D:3      | Reached skill level 5 in Unarmed Combat
  1858 | D:3      | Reached XP level 5. HP: 41/53 MP: 4/4
  1930 | D:3      | Noticed Robin
  1931 | D:3      | Noticed Natasha
  1971 | D:3      | Killed Robin
  1984 | D:3      | Killed Natasha
  2002 | D:3      | Noticed Natasha
  2018 | D:3      | Killed Natasha
  2396 | D:3      | Found a runed door.
  2400 | D:3      | Noticed Crazy Yiuf
  2409 | D:3      | Killed Crazy Yiuf
  2456 | D:4      | Reached XP level 6. HP: 59/62 MP: 5/5
  2502 | D:4      | Reached skill level 6 in Unarmed Combat
  2875 | D:4      | Noticed Menkaure
  2880 | D:4      | Killed Menkaure
  2880 | D:4      | Reached skill level 7 in Unarmed Combat
  2880 | D:4      | Reached XP level 7. HP: 47/71 MP: 6/6
  3139 | D:5      | Entered Level 5 of the Dungeon
  3308 | D:5      | Noticed Sigmund
  3321 | D:5      | Reached skill level 8 in Unarmed Combat
  3328 | D:5      | Reached skill level 5 in Fighting
  3328 | D:5      | Reached XP level 8. HP: 54/80 MP: 7/7
  3337 | D:5      | Killed Sigmund
  3401 | D:5      | Noticed Pikel
  3419 | D:5      | Killed Pikel
  3419 | D:5      | Reached skill level 9 in Unarmed Combat
  3721 | D:5      | Found a sacrificial altar of Ru.
  3730 | D:5      | Became a worshipper of Ru the Awakened
  3836 | D:6      | Reached skill level 10 in Unarmed Combat
  3863 | D:6      | Reached XP level 9. HP: 57/89 MP: 8/8
  3953 | D:6      | Found a staircase to the Ecumenical Temple.
  4186 | D:6      | Found a snail-covered altar of Cheibriados.
  4417 | D:7      | Noticed Harold
  4435 | D:7      | Killed Harold
  4435 | D:7      | Reached skill level 11 in Unarmed Combat
  4648 | D:7      | Reached skill level 12 in Unarmed Combat
  4648 | D:7      | Reached XP level 10. HP: 66/102 MP: 9/9
  4749 | D:7      | Noticed Dowan
  4750 | D:7      | Noticed Duvessa
  4757 | D:7      | Killed Duvessa
  4765 | D:7      | Killed Dowan
  5109 | D:8      | Found a glowing silver altar of Zin.
  5139 | D:8      | Noticed a two-headed ogre
  5140 | D:8      | Noticed a two-headed ogre
  5155 | D:8      | Killed a two-headed ogre
  5158 | D:8      | Killed a two-headed ogre
  5158 | D:8      | Reached skill level 13 in Unarmed Combat
  5661 | D:8      | Noticed Erica
  5670 | D:8      | Killed Erica
  6087 | D:9      | Reached XP level 11. HP: 108/113 MP: 10/10
  6304 | D:9      | Reached skill level 14 in Unarmed Combat
  6560 | D:9      | Found a blossoming altar of Fedhas.
  6711 | D:10     | Entered Level 10 of the Dungeon
  6736 | D:10     | Found a staircase to the Lair.
  6832 | D:10     | Noticed a two-headed ogre
  6846 | D:10     | HP: 4/115 [two-headed ogre/giant club (21)]
  6871 | D:10     | Killed a two-headed ogre
  7280 | D:10     | Gained mutation: You cannot study or cast Air magic. [Ru
                  | sacrifice]
  7280 | D:10     | Gained mutation: You cannot study or cast Necromancy magic.
                  | [Ru sacrifice]
  7280 | D:10     | Gained mutation: You cannot study or cast Translocations
                  | magic. [Ru sacrifice]
  7280 | D:10     | Reached * piety under Ru
  7596 | Lair:1   | Entered Level 1 of the Lair of Beasts
  7726 | Lair:1   | Slain by a blink frog

Skill      XL: |  1  2  3  4  5  6  7  8  9 10 11 |
---------------+----------------------------------+-----
Unarmed Combat | 4 5 7 8 10 12 13 14 | 14.7
Fighting       | 3 4 5 6 7 8 9 |  9.4
Dodging        | |  2.4
Stealth        | |  1.0

Action                   |  1- 3 |  4- 6 |  7- 9 | 10-12 || total
-------------------------+-------+-------+-------+-------++-------
Melee: Unarmed           |    85 |   289 |   221 |   284 ||   879
       Punch             |     1 |     5 |    18 |    18 ||    42
Invok: Reject Sacrifices |       |       |     1 |       ||     1
       Sacrifice Arcana  |       |       |       |     1 ||     1
  Use: Scroll            |     3 |     4 |     3 |     4 ||    14
       Potion            |       |     2 |       |     2 ||     4
 Stab: Sleeping          |     1 |     1 |     4 |     1 ||     7
       Distracted        |       |       |       |     1 ||     1
  Eat: Chunk             |     6 |     6 |    13 |    20 ||    45
       Ration            |     1 |     2 |     2 |     3 ||     8
Armor: Robe              |    63 |   106 |    69 |    65 ||   303
Dodge: Dodged            |    71 |   105 |   105 |   124 ||   405
